 Dungeon Crawl Stone Soup version 0.23-a0-85-g22930c1 (console) character file.

1012 Ek the Poker (level 8, 0/57 HPs)
             Began as a Demonspawn Skald on Aug 13, 2018.
             Was a Follower of Okawaru.
             Slain by Prince Ribbit (7 damage)
             ... on level 7 of the Dungeon.
             The game lasted 00:20:51 (6255 turns).

Ek the Poker (Demonspawn Skald)                     Turns: 6255, Time: 00:20:52

Health: 0/57       AC:  3    Str: 11    XL:     8   Next: 1%
Magic:  12/12      EV: 12    Int: 18    God:    Okawaru [*.....]
Gold:   330        SH:  0    Dex: 12    Spells: 4/13 levels left

rFire    . . .     SeeInvis .   a - +0 spear
rCold    + . .     Gourm    .   (no shield)
rNeg     . . .     Faith    .   f - +0 robe (curse)
rPois    .         Spirit   .   (helmet restricted)
rElec    .         Reflect  .   (no cloak)
rCorr    .         Harm     +   (no gloves)
MR       +....                  (no boots)
Stlth    +.........             v - amulet of harm
HPRegen  0.19/turn              l - ring of protection from magic
MPRegen  0.13/turn              (no ring)

@: no status effects
A: horns 2, rugged brown scales 1, cold resistance 1, powered by pain 1
a: Heroism, Renounce Religion


You were on level 7 of the Dungeon.
You worshipped Okawaru.
Okawaru was aware of your devotion.
You were not hungry.

You visited 2 branches of the dungeon, and saw 8 of its levels.

You collected 330 gold pieces.

Inventory:

Hand Weapons
 a - a +0 spear (weapon)
 e - a +2 dagger of draining
 i - a cursed -3 hunting sling
 w - a +2 dagger of protection
 H - a +0 halberd
Missiles
 g - 169 stones (quivered)
 j - 130 arrows
 o - 43 poisoned needles
 q - 46 bolts
 I - 23 sling bullets
Armour
 b - a +0 leather armour
 f - a cursed +0 robe (worn)
Jewellery
 l - a ring of protection from magic (left hand)
 v - an amulet of harm (around neck)
Wands
 t - a wand of acid (15)
Scrolls
 c - 3 scrolls of remove curse
 h - a scroll of enchant armour {unknown}
 k - 3 scrolls of amnesia
 p - 2 scrolls of enchant weapon
 y - 2 scrolls of blinking
 C - a scroll of fog {unknown}
 D - 2 scrolls of magic mapping {unknown}
 F - 2 scrolls of teleportation {unknown}
Potions
 m - 6 potions of curing
 n - a potion of mutation
 r - a potion of magic
 s - a potion of heal wounds
 u - a potion of might
 x - a potion of degeneration
 z - 2 potions of brilliance
 A - a potion of ambrosia
 B - a potion of haste {unknown}
 E - 2 potions of experience {unknown}
Comestibles
 d - 14 rations
 G - 7 chunks of flesh


   Skills:
 - Level 2.0 Fighting
 * Level 7.0 Polearms
 - Level 1.0 Armour
 - Level 2.0 Dodging
 - Level 3.0 Spellcasting
 - Level 3.0 Hexes
 - Level 4.0 Charms


You had 4 spell levels left.
You knew the following spells:

 Your Spells              Type           Power        Failure   Level  Hunger
d - Infusion              Chrm           ###.         3%          1    None
r - Regeneration          Chrm/Necr      ##........   22%         3    ###....
w - Spectral Weapon       Hex/Chrm       ###.....     12%         3    ###....
y - Song of Slaying       Chrm           ###.....     4%          2    ##.....

Your spell library contained the following spells:

 Spells                   Type           Power        Failure   Level  Hunger
 Shroud of Golubria       Chrm/Tloc      ##........   11%         2    ##.....


Dungeon Overview and Level Annotations

Branches:
Dungeon (7/15)             Temple (1/1) D:5

Altars:
Ashenzari
Dithmenos
Elyvilon
Kikubaaqudgha
Makhleb
Nemelex Xobeh
Okawaru
Qazlal
Ru
Sif Muna
Trog
Uskayaw
Vehumet
Wu Jian
Xom
Yredelemnul
Zin
The Shining One

Annotations:
D:6 Grinder
D:7 Prince Ribbit


Innate Abilities, Weirdness & Mutations

You have a pair of horns on your head.
You are partially covered in rugged brown scales. (AC +1, +3% HP)
Your flesh is cold resistant. (rC+)
You sometimes gain a little power by taking damage.


Message History

Prince Ribbit blinks!
Prince Ribbit hits you!
You closely miss Prince Ribbit.
Prince Ribbit is heavily wounded.
Your spectral weapon barely misses Prince Ribbit.
Prince Ribbit closely misses you.
You miss Prince Ribbit.
Prince Ribbit is heavily wounded.
Your spectral weapon barely misses Prince Ribbit.
Prince Ribbit winks and puckers his lips.
Prince Ribbit barely misses you.
You barely miss Prince Ribbit. You headbutt Prince Ribbit.
Prince Ribbit is severely wounded.
Your spectral weapon hits Prince Ribbit from afar!
Prince Ribbit hits you!
* * * LOW HITPOINT WARNING * * *
You focus on the pain.
You feel your power returning.
You swap places.
Prince Ribbit hits your spectral weapon!
Your spectral weapon shares its damage with you!
You die...

#.#.#
####.#.##########
.................
.###.#....######
.#.......^.<..#
.#.#...##.#.#.#
.#.###.##...#.#
.#.....######.#######
.#)....... ..#.@...#
.#)####### ###(###.#
.#.# #F# #.# .#.# #.#
#.# .#.# #.# #.# .#.#
#.# #.# .#.# #.# #.#
)#.# #.# #.######
.#.. ..# #......#


You could see Prince Ribbit and a friendly spectral spear.

Vanquished Creatures
  An ogre (D:5)
  A bullfrog (D:5)
  A scorpion (D:4)
  3 howler monkeys
  3 crimson imps
  2 hounds
  2 orc wizards
  Jessica (D:5)
  An iguana (D:4)
  5 worker ants
  A howler monkey zombie (D:6)
  5 gnolls
  3 howler monkey skeletons
  7 adders
  A shadow imp (D:5)
  An ooze (D:4)
  8 worms
  2 dart slugs (D:1)
  3 leopard geckos
  14 orcs
  2 ball pythons
  6 giant cockroaches
  5 goblins
  15 hobgoblins
  7 jackals
  2 quokkas
  3 bats
  5 frilled lizards
  11 kobolds
  A quokka skeleton (D:5)
  13 rats
135 creatures vanquished.

Vanquished Creatures (others)
  3 spectral weapons
3 creatures vanquished.

Grand Total: 138 creatures vanquished

Notes
Turn   | Place    | Note
-------+----------+-------------------------------------------
     0 | D:1      | Ek the Demonspawn Skald began the quest for the Orb.
     0 | D:1      | Reached XP level 1. HP: 16/16 MP: 3/3
    24 | D:1      | Reached skill level 2 in Polearms
   197 | D:1      | Gained mutation: Your flesh is cold resistant. (rC+) [demonic ancestry]
   197 | D:1      | Reached XP level 2. HP: 21/22 MP: 1/5
   335 | D:1      | Reached skill level 3 in Polearms
   419 | D:1      | Reached XP level 3. HP: 21/27 MP: 3/6
   423 | D:1      | Learned a level 2 spell: Song of Slaying
   427 | D:1      | Learned a level 3 spell: Spectral Weapon
   868 | D:1      | Reached skill level 1 in Hexes
  1494 | D:2      | Gained mutation: You are partially covered in rugged brown scales. (AC +1, +3% HP) [demonic ancestry]
  1494 | D:2      | Reached XP level 4. HP: 27/33 MP: 3/7
  1927 | D:2      | Found a burning altar of Makhleb.
  2192 | D:3      | Gained mutation: You have a pair of small horns on your head. [demonic ancestry]
  2192 | D:3      | Reached XP level 5. HP: 36/39 MP: 6/8
  2698 | D:3      | Reached skill level 1 in Armour
  3657 | D:4      | Gained mutation: You have a pair of horns on your head. [demonic ancestry]
  3657 | D:4      | Reached XP level 6. HP: 34/45 MP: 5/9
  3662 | D:4      | Learned a level 3 spell: Regeneration
  3695 | D:4      | Reached skill level 4 in Polearms
  4608 | D:5      | Entered Level 5 of the Dungeon
  4633 | D:5      | Found a staircase to the Ecumenical Temple.
  4642 | Temple   | Entered the Ecumenical Temple
  4735 | Temple   | Became a worshipper of Warmaster Okawaru
  4769 | D:5      | Reached XP level 7. HP: 41/51 MP: 8/11
  4775 | D:5      | Reached skill level 5 in Polearms
  4908 | D:5      | Found a sparkling altar of Nemelex Xobeh.
  5024 | D:5      | Found a hide-covered altar of Uskayaw.
  5061 | D:5      | Noticed Jessica
  5066 | D:5      | Killed Jessica
  5070 | D:5      | Found a deep blue altar of Sif Muna.
  5183 | D:5      | Reached * piety under Okawaru
  5307 | D:5      | Reached skill level 6 in Polearms
  5529 | D:6      | Noticed Grinder
  6160 | D:7      | Reached skill level 7 in Polearms
  6163 | D:7      | Gained mutation: You sometimes gain a little power by taking damage. [demonic ancestry]
  6163 | D:7      | Reached XP level 8. HP: 55/57 MP: 8/12
  6244 | D:7      | Noticed Prince Ribbit
  6255 | D:7      | Slain by Prince Ribbit

Vault maps used:
D:1:      lightli_arrival_quake
D:2:      makhleb_heckhound_becter
D:3:      hangedman_feature_mirror
D:4:      minmay_tree_intersection
D:5:      lemuel_crystal_altar, lemuel_doored_altar,
          minmay_temple_entry_purple_smoke, first_ration, tgw_sif
D:6:      uniq_duvessa, uniq_grinder
D:7:      fedhas_altar_4, kennysheep_little_box, uniq_menkaure,
          uniq_prince_ribbit1
Temple:   lightli_temple_of_artemis

Skill      XL: |  1  2  3  4  5  6  7 |
---------------+----------------------+-----
Polearms       | 2 3 4 7 |  7.0
Hexes          | 1 2 3 |  3.0
Charms         | 3 4 |  4.0
Dodging        | 2 |  2.0
Armour         | 1 |  1.0
Spellcasting   | 3 |  3.0
Fighting       | |  2.0

Action                   |  1- 3 |  4- 6 |  7- 9 || total
-------------------------+-------+-------+-------++-------
Melee: Spear             |   188 |   249 |   145 ||   582
       Headbutt          |       |    20 |    17 ||    37
 Cast: Infusion          |    16 |       |     1 ||    17
       Spectral Weapon   |     1 |    39 |    15 ||    55
       Regeneration      |       |     5 |    12 ||    17
Evoke: Wand              |       |       |     1 ||     1
  Use: Scroll            |     2 |     9 |       ||    11
       Potion            |     2 |       |     2 ||     4
 Stab: Sleeping          |     1 |     3 |     2 ||     6
       Distracted        |       |     2 |     1 ||     3
  Eat: Chunk             |     2 |    12 |     6 ||    20
       Ration            |       |     1 |     1 ||     2
Armor: Leather armour    |     8 |       |       ||     8
       Robe              |       |    18 |    12 ||    30
       Skin              |       |     1 |       ||     1
Dodge: Dodged            |    55 |   106 |    60 ||   221

Table legend:
 A = Non-vault XP
 B = Vault XP
 C = Vault XP percentage of total XP
 D = Non-vault monster count
 E = Vault monster count
 F = Vault count percentage of total count
 G = Total turns spent on level
                 A         B        C        D         E       F
            +---------+---------+-------+---------+---------+-------
      Total |    1351 |      96 |   6.6 |     131 |       4 |   3.0
            +---------+---------+-------+---------+---------+-------
        D:1 |      89 |       0 |   0.0 |      36 |       0 |   0.0
        D:2 |      65 |      45 |  40.9 |      24 |       1 |   4.0
        D:3 |     148 |      13 |   8.1 |      30 |       1 |   3.2
        D:4 |     312 |       0 |   0.0 |      13 |       0 |   0.0
        D:5 |     519 |      37 |   6.7 |      18 |       1 |   5.3
        D:6 |     176 |       1 |   0.6 |       7 |       1 |  12.5
        D:7 |      42 |       0 |   0.0 |       3 |       0 |   0.0
            +---------+---------+-------+---------+---------+-------
